 Dungeon Crawl Stone Soup version 0.28-a0-1143-gcf6077d4cc (webtiles) character file.

Game seed: 218806796910234243

9636 SensoryNuts the Carver (level 11, -4/94 HPs)
             Began as a Yellow Draconian Fighter on Dec 13, 2021.
             Was a Believer of Trog.
             Killed from afar by an ice dragon (46 damage)
             ... with a blast of cold
             ... on level 12 of the Dungeon.
             The game lasted 00:18:23 (11375 turns).

SensoryNuts the Carver (Yellow Draconian Fighter)  Turns: 11375, Time: 00:18:26

Health: -4/94      AC: 13    Str: 28    XL:     11   Next: 25%
Magic:  11/11      EV: 14    Int:  9    God:    Trog [**....]
Gold:   1428       SH:  7    Dex: 11    Spells: 10/10 levels left

rFire   + . .      SeeInvis .   E - +2 scimitar (venom)
rCold   x . .      Faith    .   b - +2 buckler
rNeg    . . .      Spirit   .   (armour unavailable)
rPois   .          Reflect  .   I - +0 hat
rElec   .          Harm     .   f - +2 cloak
rCorr   +          Rampage  .   (no gloves)
Will    .....                   l - +2 pair of boots
Stlth   ++........              w - amulet of magic regeneration
HPRegen 0.25/turn               n - ring of fire
MPRegen 0.52/turn               i - +6 ring of strength

@: on berserk cooldown, slowed, studying Maces & Flails, very slow
A: spit acid, AC +7, unfitting armour, cold-blooded, acid resistance
a: Breathe Acid, Renounce Religion, Berserk, Trog's Hand


You were on level 12 of the Dungeon.
You worshipped Trog.
Trog was pleased with you.
You visited 2 branches of the dungeon, and saw 13 of its levels.
You also visited: Sewer.

You collected 1480 gold pieces.
You spent 52 gold pieces at shops.

Inventory:

Hand Weapons
 a - a +3 long sword of flaming
 h - a +0 whip of venom
 E - a +2 scimitar of venom (weapon)
Missiles
 A - 4 throwing nets (quivered)
Armour
 b - a +2 buckler (worn)
 f - a +2 cloak (worn)
 l - a +2 pair of boots (worn)
 I - a +0 hat (worn)
Jewellery
 i - a +6 ring of strength (right hand)
 k - a ring of fire
 n - a ring of fire (left hand)
 w - an amulet of magic regeneration (around neck)
 F - a +6 ring of intelligence
Wands
 m - a wand of acid (11)
 p - a wand of paralysis (14)
 q - a wand of iceblast (11)
 t - a wand of polymorph (13)
 x - a wand of charming (9)
 z - a wand of mindburst (7)
Scrolls
 j - a scroll of holy word
 r - 4 scrolls of teleportation
 v - a scroll of amnesia
 y - a scroll of magic mapping
 B - a scroll of fear
 C - a scroll of silence
 G - a scroll of vulnerability
Potions
 c - 4 potions of might
 d - 4 potions of curing
 e - a potion of magic
 g - 2 potions of degeneration
 o - 2 potions of brilliance
 s - a potion of heal wounds
 u - 4 potions of lignification
 D - a potion of flight
 H - a potion of berserk rage {unknown}
 J - a potion of attraction


   Skills:
 + Level 7.9 Fighting
 * Level 13.1 Long Blades
 + Level 0.9 Maces & Flails
 + Level 7.4 Dodging
 + Level 4.0 Stealth
 + Level 6.0 Shields


You had 10 spell levels left.
You didn't know any spells.
Your spell library contained the following spells:

 Spells                   Type           Power      Damage    Failure   Level
 Freeze                   Ice            0%         1d3       38%         1
 Frozen Ramparts          Ice            0%         1d2       77%         3
 Stone Arrow              Conj/Erth      0%         3d7       77%         3
 Tukima's Dance           Hex            0%         N/A       77%         3
 Hailstorm                Conj/Ice       0%         3d3       99%         4
 Passage of Golubria      Tloc           0%         N/A       99%         4
 Petrify                  Tmut/Erth      0%         N/A       99%         4
 Metabolic Englaciation   Hex/Ice        0%         N/A       100%        5
 Yara's Violent Unravell  Hex/Tmut       0%         3d3       100%        5
 Statue Form              Tmut/Erth      0%         N/A       100%        6
 Lehudib's Crystal Spear  Conj/Erth      0%         10d2      100%        8
 Animate Armour           Summ/Erth      Unusable   N/A       N/A         4

Dungeon Overview and Level Annotations

Branches:
Dungeon (12/15)            Temple (1/1) D:7            Lair (0/6) D:8
  Sewer (visited)
    Orc: D:9-12

Altars:
Ashenzari
Dithmenos
Elyvilon
Fedhas
Gozag
Hepliaklqana
Kikubaaqudgha
Makhleb
Nemelex Xobeh
Okawaru
Qazlal
Ru
Trog
Uskayaw
Vehumet
Wu Jian
Xom
Yredelemnul
Zin
The Shining One

Shops:
D:6 *   D:8 *   D:10 [

Portals:
Trove: D:11 (give +5 demon whip)

Annotations:
D:6 exclusion: statue


Innate Abilities, Weirdness & Mutations

You can spit globs of acid.
Your golden yellow scales are hard. (AC +7)
You cannot fit into any form of body armour.
You are cold-blooded and may be slowed by cold attacks.
You are resistant to acid. (rCorr)


Message History

Your tail-slap misses the gnoll sergeant.
You hear a deafening roar!
The gnoll sergeant hits you but does no damage.
You closely miss the gnoll sergeant.
The gnoll sergeant completely misses you.
You hit the gnoll sergeant but do no damage.
You tail-slap the gnoll sergeant.
The gnoll sergeant is moderately wounded.
The gnoll sergeant barely misses you.
You slice the gnoll sergeant!!
You kill the gnoll sergeant!
Trog accepts your kill.
You can now call upon Trog for regeneration and willpower.
You hit the gnoll.
The gnoll is poisoned.
Your tail-slap misses the gnoll.
The gnoll is lightly wounded.
The gnoll hits you with a +0 flail.
You closely miss the gnoll. You tail-slap the gnoll.
The gnoll is severely wounded.
The gnoll misses you.
You slash the gnoll!
You kill the gnoll!
Trog accepts your kill.
An ice dragon comes into view.
Items here: ( )) [[ †.
You see here a +0 hand axe.
A gnoll comes into view. It is wielding a +0 halberd.
You see here 4 large rocks.
The ice dragon breathes frost at you. The blast of cold misses you.
Items here: ))))) [[ ††.
The ice dragon bites you but does no damage.
The ice dragon claws you. The ice dragon tramples you.
You stumble backwards!
You see here 4 large rocks.
You slash the ice dragon!
The ice dragon is poisoned.
Your tail-slap misses the ice dragon.
The ice dragon is lightly wounded.
The ice dragon bites you! The ice dragon closely misses you. x2
The ice dragon breathes frost at you. The blast of cold hits you!!!
You feel a terrible chill!
You die...

# #######....
#@)........
###
###D#####.###
#..##..g#
#.....<.# .
#.......#.#
###.....#.#.
##.........
#......#.#$.
#.<....#.#


You could see an ice dragon (very poisoned, catching breath) and a gnoll.

Vanquished Creatures
  Harold (D:11)
  2 two-headed ogres
  Urug (D:10)
  A deep elf pyromancer (D:10)
  A cyclops (D:12)
  A gargoyle (D:11)
  A komodo dragon (D:11)
  Sigmund (D:3)
  A vampire (D:10)
  A shadow (D:11)
  2 wyverns
  A steam dragon (D:8)
  Edmund (D:6)
  Menkaure (D:7)
  Duvessa (D:5)
  3 ice beasts
  2 water moccasins (D:6)
  A sky beast (D:7)
  2 black bears
  5 orc warriors
  4 ogres
  2 necrophages
  A phantom (D:4)
  2 centaurs (D:8)
  4 kobold brigands
  2 bullfrogs
  A gnoll sergeant (D:12)
  A scorpion (D:5)
  A water moccasin skeleton (D:5)
  Dowan (D:5)
  4 killer bees
  4 wights (D:9)
  4 howler monkeys
  2 hounds (D:5)
  3 centaur zombies
  A jelly (D:8)
  3 orc priests
  A gnoll shaman (D:7)
  A bullfrog skeleton (D:5)
  Jessica (D:3)
  7 iguanas
  A scorpion zombie (D:5)
  4 orc wizards
  A killer bee zombie (D:8)
  3 hound skeletons
  A howler monkey zombie (D:10)
  A howler monkey skeleton (D:6)
  9 gnolls
  3 river rats (Sewer)
  12 adders
  A shadow imp (D:6)
  2 white imps
  An ufetubus (D:5)
  6 worms
  17 orcs
  10 ball pythons
  3 bats
  10 endoplasms
  A giant cockroach (D:3)
  13 goblins
  7 hobgoblins
  2 jackals (D:1)
  21 kobolds
  4 frilled lizards
  5 rats
218 creatures vanquished.

Notes
Turn   | Place    | Note
-------+----------+-------------------------------------------
     0 | D:1      | SensoryNuts the Draconian Fighter began the quest for the
                  | Orb.
     0 | D:1      | Reached XP level 1. HP: 19/19 MP: 1/1
   492 | D:1      | Reached XP level 2. HP: 26/26 MP: 2/2
  1031 | D:2      | Reached XP level 3. HP: 19/31 MP: 3/3
  1315 | D:2      | Found a faded altar of an unknown god.
  2035 | D:3      | Reached XP level 4. HP: 39/39 MP: 4/4
  2079 | D:3      | Reached skill level 3 in Long Blades
  2522 | D:3      | Noticed Jessica
  2529 | D:3      | Killed Jessica
  2651 | D:3      | Reached XP level 5. HP: 46/46 MP: 5/5
  2738 | D:3      | Noticed Sigmund
  2750 | D:3      | Killed Sigmund
  2751 | D:3      | Reached skill level 4 in Long Blades
  2751 | D:3      | Reached XP level 6. HP: 33/52 MP: 6/6
  3173 | D:4      | Reached skill level 5 in Long Blades
  3301 | D:4      | Reached skill level 1 in Stealth
  3348 | D:4      | Found a glowing drain.
  3481 | Sewer    | Entered a sewer
  3540 | Sewer    | Your scales start taking on a golden yellow colour.
  3540 | Sewer    | Reached XP level 7. HP: 30/60 MP: 7/7
  3540 | Sewer    | Gained mutation: You are resistant to acid. (rCorr) [Yellow
                  | Draconian growth]
  3923 | Sewer    | Reached skill level 6 in Long Blades
  4649 | D:5      | Entered Level 5 of the Dungeon
  4724 | D:5      | Reached skill level 7 in Long Blades
  4724 | D:5      | Reached XP level 8. HP: 55/67 MP: 8/8
  4835 | D:5      | Reached skill level 5 in Fighting
  4853 | D:5      | Reached skill level 5 in Dodging
  5194 | D:5      | Noticed Duvessa
  5194 | D:5      | Noticed Dowan
  5202 | D:5      | Killed Duvessa
  5203 | D:5      | Reached skill level 8 in Long Blades
  5204 | D:5      | Killed Dowan
  5733 | D:6      | Found a radiant altar of Vehumet.
  5828 | D:6      | Found Pocoar's Serpentskin Sales.
  5837 | D:6      | Reached XP level 9. HP: 66/74 MP: 9/9
  5890 | D:6      | Noticed Edmund
  5905 | D:6      | Killed Edmund
  5906 | D:6      | Reached skill level 9 in Long Blades
  6795 | D:7      | Noticed Menkaure
  6802 | D:7      | Killed Menkaure
  6905 | D:7      | Reached skill level 10 in Long Blades
  6927 | D:7      | Found an iron altar of Okawaru.
  7181 | D:7      | Found a sacrificial altar of Ru.
  7487 | D:7      | Found a staircase to the Ecumenical Temple.
  7602 | Temple   | Entered the Ecumenical Temple
  7690 | Temple   | Became a worshipper of Trog the Wrathful
  8005 | D:8      | Found Qovashri's Island Escapes.
  8021 | D:8      | Found a staircase to the Lair.
  8410 | D:8      | Identified a scroll of acquirement
  8411 | D:8      | Acquired 740 gold pieces
  8521 | D:9      | Found a burning altar of Makhleb.
  8612 | D:9      | Reached XP level 10. HP: 73/84 MP: 10/10
  8684 | D:9      | Reached skill level 11 in Long Blades
  9026 | D:10     | Entered Level 10 of the Dungeon
  9159 | D:10     | Noticed a deep elf pyromancer
  9161 | D:10     | Killed a deep elf pyromancer
  9161 | D:10     | Reached * piety under Trog
  9162 | D:10     | Reached skill level 5 in Shields
  9165 | D:10     | Found a blossoming altar of Fedhas.
  9168 | D:10     | Found a basalt altar of Yredelemnul.
  9173 | D:10     | Found an ornate altar of the Wu Jian Council.
  9215 | D:10     | Found a stormy altar of Qazlal.
  9299 | D:10     | Found Onorip's Armour Emporium.
  9308 | D:10     | Bought a +0 hat for 52 gold pieces
  9318 | D:10     | Noticed Urug
  9355 | D:10     | Killed Urug
 10068 | D:11     | Found a portal to a secret trove of treasure.
 10097 | D:11     | Reached skill level 12 in Long Blades
 10243 | D:11     | Noticed a two-headed ogre
 10264 | D:11     | Killed a two-headed ogre
 10540 | D:11     | Noticed a gargoyle
 10547 | D:11     | Killed a gargoyle
 10716 | D:11     | Reached XP level 11. HP: 86/92 MP: 11/11
 11075 | D:11     | Noticed Harold
 11091 | D:11     | Killed Harold
 11324 | D:12     | Noticed a two-headed ogre
 11354 | D:12     | Killed a two-headed ogre
 11355 | D:12     | Reached skill level 13 in Long Blades
 11366 | D:12     | Reached ** piety under Trog
 11370 | D:12     | Noticed an ice dragon
 11375 | D:12     | Killed from afar by an ice dragon

Illustrated notes

Levels and vault maps discovered:
D:1:      lightli_arrival_lavapool, layout_loops_ring, minmay_pentomino_t4
D:2:      layout_rooms, chequers_ecumenical_altar_simple_redux,
          minmay_goblin_kobold_house
D:3:      layout_basic, minmay_misc_feat_room, uniq_jessica, uniq_sigmund
D:4:      minmay_inner_zag, layout_cave_pools, cheibrodos_sewer_entry_drain
D:5:      layout_loops_ring, minmay_manual_mullet, uniq_duvessa
D:6:      layout_gridville, vehumet_statue, guppyfry_shop_venom, uniq_edmund
D:7:      layout_cave_pools, kennysheep_okawaru_gauntlet,
          nicolae_ru_sacrificial_ziggurat, temple_hall, minmay_misc_feat_doors,
          st_stairs_1, grunt_decor_mini_mirrors, uniq_menkaure
D:8:      layout_rooms, dpeg_oklobed_lair, nicolae_island_escapes
D:9:      layout_long_grid, nicolae_overflow_crystal_walls,
          kennysheep_mini_moat, kennysheep_slug_shrine, serial_rivers,
          chequers_serial_rivers_room_a, chequers_serial_rivers_micro_d,
          chequers_serial_rivers_small_b, chequers_serial_rivers_micro_b,
          chequers_serial_rivers_large_b, chequers_serial_rivers_small_a
D:10:     layout_roguey, mainiacjoe_overflow_alcove_4,
          grunt_temple_overflow_diamond, serial_shops, nicolae_shop_crystal,
          nzn_life_drinkers, uniq_urug
D:11:     layout_grid_maze, enter_trove_0, uniq_harold
D:12:     minmay_the_grid_4x2 [minmay_the_grid_embedded, minmay_the_grid_eight,
          minmay_the_grid_minigrid_medium, minmay_the_grid_tri_star,
          minmay_the_grid_expand, minmay_the_grid_odd_star,
          minmay_the_grid_dragon_b, minmay_the_grid_prize_inner_circle],
          layout_cave_pools, hiddenorc2_lemuel, nicolae_shop_fire_sale
          [nicolae_sub_dead_trees], tgw_lugonu_bribe, uniq_fannar
Temple:   nicolae_temple_hex_pool

Skill      XL: |  1  2  3  4  5  6  7  8  9 10 11 |
---------------+----------------------------------+-----
Dodging        | 3 4 5 6 7 |  7.4
Long Blades    | 3 4 5 7 8 10 12 13 | 13.1
Fighting       | 4 5 6 7 |  7.9
Stealth        | 1 2 3 4 |  4.0
Shields        | 4 5 6 |  6.0
Maces & Flails | |  0.9

Action                   |  1- 3 |  4- 6 |  7- 9 | 10-12 || total
-------------------------+-------+-------+-------+-------++-------
Melee: Long sword        |   100 |    98 |   289 |    63 ||   550
       Tailslap          |     7 |    16 |    53 |    26 ||   102
       Whip              |     8 |       |       |       ||     8
       Scimitar          |       |       |       |   102 ||   102
Throw: Throwing net      |       |       |     1 |       ||     1
Invok: Berserk           |       |       |       |     3 ||     3
 Abil: Breathe Acid      |       |       |     5 |     1 ||     6
  Use: Scroll            |     7 |     2 |    14 |     4 ||    27
       Potion            |     3 |     2 |     4 |    12 ||    21
 Stab: Sleeping          |       |       |     4 |     2 ||     6
Armor: Skin              |    42 |    31 |   105 |    42 ||   220
Dodge: Dodged            |    63 |    65 |   197 |    68 ||   393
Block: Buckler           |    26 |    19 |    74 |    51 ||   170

Table legend: (Time is in decaauts)
 A = Elapsed time spent in this place.
 B = Non-inter-level travel time spent in this place.
 C = Inter-level travel time spent in this place.
 D = Time resting spent in this place.
 E = Time spent auto-exploring this place.
 F = Levels seen in this place.
 G = Mean time per level.
                   A        B        C        D        E       F      G
               +--------+--------+--------+--------+--------+-----+--------+
         Total |  11549 |  10959 |    590 |    367 |   8699 |  14 |  824.9 |
       Dungeon |  10663 |  10129 |    534 |    119 |   8362 |  12 |  888.6 |
        Temple |    130 |     74 |     56 |      0 |     61 |   1 |  130.0 |
         Sewer |    755 |    755 |      0 |    248 |    276 |   1 |  755.0 |
               +--------+--------+--------+--------+--------+-----+--------+

Top non-repeatable levels by time:
     D:3: 1351 daAuts
    D:11: 1269 daAuts
     D:5: 1091 daAuts
     D:6: 1091 daAuts
    D:10: 997 daAuts
     D:2: 992 daAuts
     D:4: 866 daAuts
     D:7: 849 daAuts
     D:1: 825 daAuts
   Sewer: 755 daAuts
     D:8: 668 daAuts
     D:9: 609 daAuts
  Temple: 130 daAuts
    D:12: 51 daAuts
